 Dungeon Crawl Stone Soup version 0.28-a0-1638-g9123634e07 (webtiles) character file.

Game seed: 3285771213119541955

9746 testman the Grappler (level 11, -9/115 HPs)
             Began as a Troll Monk on Jan 25, 2022.
             Was a High Priest of Ignis.
             Killed from afar by an ice dragon (50 damage)
             ... with a blast of cold
             ... on level 10 of the Dungeon.
             The game lasted 00:28:23 (6372 turns).

testman the Grappler (Troll Monk)                   Turns: 6372, Time: 00:28:23

Health: -9/115     AC:  3    Str: 25    XL:     11   Next: 27%
Magic:  10/10      EV: 12    Int:  6    God:    Ignis [*****.]
Gold:   335        SH:  0    Dex: 18    Spells: 5/10 levels left

rFire   + + .      SeeInvis .     - Unarmed
rCold   . . .      Faith    .   (no shield)
rNeg    . . .      Spirit   .   k - +2 robe {Archmagi}
rPois   .          Reflect  .   e - +1 hat
rElec   .          Harm     .   (no cloak)
rCorr   .          Rampage  .   (gloves unavailable)
Will    .....      Archmagi +   (boots unavailable)
Stlth   ++........              E - amulet of regeneration
HPRegen 1.89/turn               y - ring of protection from fire
MPRegen 0.12/turn               j - +6 ring of dexterity

@: corroded
A: large, unfitting armour, claws 3, regeneration 1, shaggy fur 1, tough skin 1
a: Renounce Religion, Fiery Armour, Foxfire Swarm, Rising Flame


You were on level 10 of the Dungeon.
You worshipped Ignis.
Ignis was extremely pleased with you.
You visited 1 branch of the dungeon, and saw 10 of its levels.
You also visited: Bailey.

You collected 423 gold pieces.
You spent 88 gold pieces at shops.

Inventory:

Missiles
 d - 379 stones
 t - 5 javelins
 C - 39 poisoned darts (quivered)
 D - 2 throwing nets
Armour
 a - a +0 robe
 e - a +1 hat (worn)
 k - a +2 robe of the Archmagi (worn)
Jewellery
 j - a +6 ring of dexterity (right claw)
 y - a ring of protection from fire (left claw)
 E - an amulet of regeneration (around neck)
Wands
 p - a wand of flame (45)
 r - a wand of paralysis (14)
 A - a wand of charming (11)
 K - a wand of iceblast (5)
Scrolls
 b - 2 scrolls of immolation
 c - 5 scrolls of teleportation
 g - a scroll of vulnerability
 h - a scroll of summoning
 n - a scroll of enchant armour
 s - a scroll of fog
 G - 2 scrolls of identify
 H - a scroll of silence {unknown}
 J - a scroll of enchant weapon
Potions
 f - 3 potions of brilliance
 i - 2 potions of mutation
 l - a potion of curing
 m - 2 potions of invisibility {unknown}
 o - a potion of magic
 q - 2 potions of heal wounds
 u - 2 potions of might
 v - a potion of berserk rage
 w - a potion of attraction {unknown}
 x - a potion of ambrosia
 z - 3 potions of resistance
 B - 2 potions of flight {unknown}
 F - a potion of haste {unknown}
Miscellaneous
 I - a phantom mirror


   Skills:
 + Level 9.3 Fighting
 + Level 4.2 Throwing
 + Level 4.7 Dodging
 - Level 1.0 Stealth
 + Level 11.1 Unarmed Combat
 - Level 5.0 Translocations


You had 5 spell levels left.
You knew the following spells:

 Your Spells              Type           Power      Damage    Failure   Level
a - Blink                 Tloc           18%        N/A       10%         2
b - Lesser Beckoning      Tloc           9%         N/A       19%         3

Your spell library contained the following spells:

 Spells                   Type           Power      Damage    Failure   Level
 Apportation              Tloc           18%        N/A       6%          1
 Animate Skeleton         Necr           0%         N/A       45%         1
 Magic Dart               Conj           0%         1d3       45%         1
 Summon Small Mammal      Summ           0%         N/A       45%         1
 Passage of Golubria      Tloc           9%         N/A       54%         4
 Call Imp                 Summ           0%         N/A       58%         2
 Ensorcelled Hibernation  Hex/Ice        0%         N/A       58%         2
 Mephitic Cloud           Conj/Pois/Air  0%         N/A       83%         3
 Spider Form              Tmut/Pois      0%         N/A       83%         3
 Tukima's Dance           Hex            0%         N/A       83%         3
 Manifold Assault         Tloc           9%         N/A       87%         5
 Anguish                  Hex/Necr       0%         N/A       99%         4
 Yara's Violent Unravell  Hex/Tmut       0%         3d3       100%        5


Dungeon Overview and Level Annotations

Branches:
Dungeon (10/15)            Temple (0/1) D:5          Bailey (visited)
   Lair: D:8-11         Orc: D:9-12

Altars:
Makhleb
Okawaru
Uskayaw
Ignis

Shops:
D:8 *

Annotations:
D:6 2 transporters, jlumianski's ghost, novice HOFi
D:7 3 runed translucent doors, indyram44's ghost, novice GnFi


Innate Abilities, Weirdness & Mutations

You are too large for most types of armour.
You have claws for hands.
Your natural rate of healing is unusually fast.
You are covered in fur. (AC +1)
You have tough skin. (AC +1)


Message History

The ice dragon is moderately wounded.
The foxfire hits the ice dragon but does no damage.
The ice dragon is moderately wounded.
The foxfire hits the ice dragon!
The ice dragon is burned terribly!
The ice dragon is moderately wounded.
The foxfire hits the ice dragon but does no damage.
The ice dragon is moderately wounded.
The foxfire hits the ice dragon but does no damage.
The ice dragon is moderately wounded.
The foxfire hits the ice dragon but does no damage.
The ice dragon is moderately wounded.
Things that are here:
+0 acid dragon scales; an acid dragon corpse You claw the ice dragon!
The ice dragon is moderately wounded.
The ice dragon bites you. The ice dragon barely misses you.
The ice dragon tramples you.
You stumble backwards!
You claw the ice dragon!
The ice dragon is heavily wounded.
The ice dragon misses you. The ice dragon claws you.
The ice dragon tramples you.
You stumble backwards!
You closely miss the ice dragon.
The ice dragon is heavily wounded.
The ice dragon bites you! The ice dragon closely misses you.
The ice dragon tramples you!
* * * LOW HITPOINT WARNING * * *
You hold your ground!
You feel much better. The ice dragon closely misses you.
The ice dragon claws you. The ice dragon tramples you!
You stumble backwards!
You claw the ice dragon! You claw the ice dragon.
The ice dragon is severely wounded.
The ice dragon barely misses you. The ice dragon claws you.
The ice dragon closely misses you.
You scratch the ice dragon.
The ice dragon is severely wounded.
You scratch the ice dragon.
The ice dragon is severely wounded.
The ice dragon breathes frost at you. The blast of cold hits you!!!
You die...

##.########################
...........................
.......[.D@................
####.......................
#>...##+###......#######
#....# #......#......
+....# #......#......
#....# #......#......
#..#### #......#...... ..#
โ‰ˆโ‰ˆยง.#.....##'####
..โ‰ˆ.#...........#


You could see an ice dragon (catching breath).

Vanquished Creatures
  2 vault guards (Bailey)
  A two-headed ogre (D:8)
  Pikel (D:4)
  2 trolls
  A hornet (D:7)
  Grinder (D:3)
  A blink frog (Bailey)
  Prince Ribbit (D:6)
  Sigmund (D:6)
  A wraith (D:7)
  7 humans (Bailey)
  7 yaks
  A steam dragon (D:7)
  Eustachio (D:4)
  A water moccasin (D:8)
  An acid dragon (D:10)
  2 orc warriors
  2 sky beasts
  An ice beast (D:6)
  A necrophage (D:7)
  4 ogres
  A centaur (D:6)
  2 phantoms (D:5)
  3 kobold brigands
  Blork the orc (D:4)
  A gnoll sergeant (D:9)
  2 wyvern zombies
  5 scorpions
  9 bullfrogs
  4 wights (D:6)
  4 howler monkeys
  A bullfrog skeleton (D:4)
  2 jellies
  2 orc priests
  Crazy Yiuf (D:2)
  3 hounds
  2 iguanas
  Ijyb (D:3)
  6 orc wizards
  A hound skeleton (D:4)
  A howler monkey zombie (D:9)
  13 gnolls
  9 adders
  A shadow imp (D:6)
  3 ufetubi
  An adder skeleton (D:4)
  2 worms (D:2)
  2 dart slugs (D:3)
  26 orcs
  4 endoplasms
  3 giant cockroaches
  3 goblins
  5 hobgoblins
  19 kobolds
  4 quokkas (D:2)
  4 bats
  3 rats
194 creatures vanquished.

Vanquished Creatures (others)
  16 foxfires (D:10)
  2 plants (D:4)
18 creatures vanquished.

Grand Total: 212 creatures vanquished

Notes
Turn   | Place    | Note
-------+----------+-------------------------------------------
     0 | D:1      | testman the Troll Monk began the quest for the Orb.
     0 | D:1      | Reached XP level 1. HP: 22/22 MP: 0/0
   513 | D:1      | Found a faded altar of an unknown god.
   525 | D:1      | Prayed at the altar of an unknown god.
   525 | D:1      | Became a worshipper of Ignis, the Dying Flame
   525 | D:1      | Reached ****** piety under Ignis
   529 | D:1      | Reached XP level 2. HP: 29/29 MP: 1/1
   840 | D:2      | Reached XP level 3. HP: 30/37 MP: 2/2
   845 | D:2      | Reached skill level 4 in Unarmed Combat
   851 | D:2      | Reached XP level 4. HP: 17/45 MP: 3/3
  1045 | D:2      | Found a runed translucent door.
  1046 | D:2      | Noticed Crazy Yiuf
  1054 | D:2      | Killed Crazy Yiuf
  1055 | D:2      | Reached XP level 5. HP: 51/54 MP: 4/4
  1206 | D:3      | Found an iron altar of Okawaru.
  1232 | D:3      | Noticed Ijyb
  1257 | D:3      | Killed Ijyb
  1402 | D:3      | Found a hide-covered altar of Uskayaw.
  1437 | D:3      | Noticed Grinder
  1456 | D:3      | Killed Grinder
  1457 | D:3      | Reached skill level 5 in Unarmed Combat
  1457 | D:3      | Reached XP level 6. HP: 36/63 MP: 5/5
  2055 | D:4      | Noticed Eustachio
  2055 | D:4      | Noticed Pikel
  2066 | D:4      | Killed Eustachio
  2067 | D:4      | Reached skill level 5 in Fighting
  2067 | D:4      | Reached skill level 6 in Unarmed Combat
  2067 | D:4      | Reached XP level 7. HP: 72/72 MP: 6/6
  2073 | D:4      | Killed Pikel
  2074 | D:4      | Reached skill level 7 in Unarmed Combat
  2074 | D:4      | Reached XP level 8. HP: 64/83 MP: 7/7
  2183 | D:4      | Learned a level 2 spell: Blink
  2311 | D:4      | Noticed Blork the orc
  2319 | D:4      | Killed Blork the orc
  2320 | D:4      | Reached skill level 1 in Translocations
  2430 | D:4      | Reached skill level 8 in Unarmed Combat
  2856 | D:5      | Entered Level 5 of the Dungeon
  3076 | D:5      | Reached XP level 9. HP: 93/93 MP: 8/8
  3128 | D:5      | Found a staircase to the Ecumenical Temple.
  3678 | D:6      | Noticed Prince Ribbit
  3686 | D:6      | Killed Prince Ribbit
  3687 | D:6      | Reached skill level 9 in Unarmed Combat
  3757 | D:6      | Identified the +3 falchion of Eternal War {vorpal, Fly
                  | SInv}
  3803 | D:6      | Noticed Sigmund
  3810 | D:6      | Killed Sigmund
  3912 | D:6      | Noticed jlumianski's ghost (novice HOFi)
  3962 | D:6      | Found a transporter.
  3967 | D:6      | Found a transporter.
  4286 | D:7      | Found a runed translucent gate.
  4287 | D:7      | Found a runed translucent gate.
  4287 | D:7      | Found a runed translucent gate.
  4295 | D:7      | Noticed a kobold demonologist
  4296 | D:7      | Noticed indyram44's ghost (novice GnFi)
  4309 | D:7      | Paralysed by a hornet for 3 turns
  4429 | D:7      | Noticed a troll
  4437 | D:7      | Killed a troll
  4438 | D:7      | Reached XP level 10. HP: 98/104 MP: 9/9
  4567 | D:7      | Found a burning altar of Makhleb.
  4842 | D:7      | Reached skill level 10 in Unarmed Combat
  5149 | D:8      | Found a flagged portal.
  5159 | Bailey   | Entered a bailey
  5174 | Bailey   | Reached skill level 1 in Throwing
  5242 | Bailey   | Reached skill level 5 in Translocations
  5252 | Bailey   | Learned a level 3 spell: Lesser Beckoning
  5271 | Bailey   | Noticed a vault guard
  5285 | Bailey   | Killed a vault guard
  5321 | Bailey   | Noticed a vault guard
  5341 | Bailey   | Killed a vault guard
  5442 | D:8      | Reached XP level 11. HP: 115/115 MP: 10/10
  5477 | D:8      | Found Payh's Assorted Antiques.
  5482 | D:8      | Bought a scroll of identify for 44 gold pieces
  5482 | D:8      | Bought a scroll of identify for 44 gold pieces
  5534 | D:8      | Noticed a two-headed ogre
  5552 | D:8      | Killed a two-headed ogre
  5807 | D:9      | Reached skill level 11 in Unarmed Combat
  6300 | D:10     | Entered Level 10 of the Dungeon
  6359 | D:10     | Noticed an ice dragon
  6372 | D:10     | Killed from afar by an ice dragon

Illustrated notes

Levels and vault maps discovered:
D:1:      evilmike_arrival_rings, layout_loops_ring,
          dreamdust_ecumenical_altar_statues
D:2:      layout_rooms, uniq_crazy_yiuf_cottage
D:3:      layout_loops_cross, nicolae_uskayaw_suspiria,
          overflow_temple_1_default, uniq_grinder, uniq_ijyb
D:4:      layout_basic, serial_bayou_pond_d, minmay_misc_feat_tower,
          uniq_eustachio, uniq_blork_the_orc, uniq_pikel
D:5:      layout_basic, temple_fountains, hex_medium, grunt_decor_resistance
D:6:      layout_cave_pools, gammafunk_ghost_hive, uniq_prince_ribbit1,
          uniq_sigmund
D:7:      layout_basic, makhleb_blood_cavern_becter,
          gammafunk_ghost_nasty_kobolds, grunt_ministairs_11
D:8:      layout_rooms, serial_shops, nicolae_shop_crystal, enter_bailey_2
D:9:      layout_cave_pools
D:10:     minmay_the_grid_3x3 [minmay_the_grid_eight,
          minmay_the_grid_aliased_spiral, minmay_the_grid_fan,
          minmay_the_grid_expand, minmay_the_grid_dragon_b,
          minmay_the_grid_doors, minmay_the_grid_outer_diamond,
          minmay_the_grid_stretched_grid, minmay_the_grid_prize_four_corners],
          layout_irregular_city, mainiacjoe_overflow_paths, lair_entry_dummy,
          kennysheep_generic_room_11, uniq_maggie

Skill      XL: |  1  2  3  4  5  6  7  8  9 10 11 |
---------------+----------------------------------+-----
Fighting       | 3 4 5 6 7 8 9 |  9.3
Unarmed Combat | 4 5 6 7 8 9 10 11 | 11.1
Translocations | 2 4 5 |  5.0
Throwing       | 3 4 |  4.2
Dodging        | 4 |  4.7
Stealth        | |  1.0

Action                   |  1- 3 |  4- 6 |  7- 9 | 10-12 || total
-------------------------+-------+-------+-------+-------++-------
Melee: Unarmed           |    44 |   105 |   225 |   208 ||   582
       Punch             |     1 |     2 |    15 |    20 ||    38
Throw: Stone             |       |       |     5 |       ||     5
       Dart              |       |       |     5 |       ||     5
Invok: Fiery Armour      |     1 |     1 |       |     1 ||     3
       Foxfire Swarm     |       |       |       |     1 ||     1
  Use: Scroll            |       |       |       |    18 ||    18
       Potion            |       |       |       |     1 ||     1
 Stab: Sleeping          |       |     2 |     3 |       ||     5
       Distracted        |       |       |     1 |       ||     1
Armor: Robe              |    22 |    40 |    60 |    48 ||   170
Dodge: Dodged            |    26 |    55 |    96 |    98 ||   275

Table legend: (Time is in decaauts)
 A = Elapsed time spent in this place.
 B = Non-inter-level travel time spent in this place.
 C = Inter-level travel time spent in this place.
 D = Time resting spent in this place.
 E = Time spent auto-exploring this place.
 F = Levels seen in this place.
 G = Mean time per level.
                   A        B        C        D        E       F      G
               +--------+--------+--------+--------+--------+-----+--------+
         Total |   6301 |   6027 |    274 |    315 |   4352 |  11 |  572.8 |
       Dungeon |   6056 |   5782 |    274 |    309 |   4262 |  10 |  605.6 |
        Bailey |    245 |    245 |      0 |      6 |     90 |   1 |  245.0 |
               +--------+--------+--------+--------+--------+-----+--------+

Top non-repeatable levels by time:
     D:4: 952 daAuts
     D:7: 860 daAuts
     D:1: 734 daAuts
     D:3: 696 daAuts
     D:5: 688 daAuts
     D:6: 549 daAuts
     D:8: 536 daAuts
     D:9: 518 daAuts
     D:2: 451 daAuts
  Bailey: 245 daAuts
    D:10: 69 daAuts
